 Dungeon Crawl Stone Soup version 0.28.0-53-g5a82cb258f (webtiles) character file.

Game seed: 16264725973865610418

82 buhh the Bolt Thrower (level 4, -5/37 HPs)
             Began as a Formicid Hunter on June 20, 2022.
             Slain by a sky beast (6 damage)
             ... on level 3 of the Dungeon.
             The game lasted 00:03:39 (1922 turns).

buhh the Bolt Thrower (Formicid Hunter)             Turns: 1922, Time: 00:03:40

Health: -5/37      AC:  7    Str: 16    XL:     4   Next: 70%
Magic:  4/4        EV: 12    Int: 11    God:
Gold:   73         SH:  0    Dex: 13    Spells: 3/3 levels left

rFire   . . .      SeeInvis +   a - +1 hand crossbow
rCold   . . .      Faith    .   (no shield)
rNeg    . . .      Spirit   .   c - +0 leather armour
rPois   .          Reflect  .   (helmet unavailable)
rElec   .          Harm     .   (no cloak)
rCorr   .          Rampage  .   (no gloves)
Will    .....                   (no boots)
Stlth   ++........              (no amulet)
HPRegen 0.12/turn               j - +4 ring of protection
MPRegen 0.09/turn               (no ring)

@: mighty
A: permanent stasis, dig shafts and tunnels, antennae 3, four strong arms
a: Dig, Shaft Self


You were on level 3 of the Dungeon.
You visited 1 branch of the dungeon, and saw 3 of its levels.

You collected 73 gold pieces.

Inventory:

Hand Weapons
 a - a +1 hand crossbow (weapon)
 b - a +2 dagger of venom
 i - a +0 short sword
Missiles
 d - 20 bolts (quivered ammo)
Armour
 c - a +0 leather armour (worn)
Jewellery
 j - a +4 ring of protection (left hand)
Scrolls
 e - 2 scrolls of enchant weapon {unknown}
 f - a scroll of immolation {unknown}
 g - 2 scrolls of identify {unknown}
 l - a scroll of fear {unknown}
 m - a scroll of vulnerability {unknown}
Potions
 h - a potion of berserk rage {!q}


   Skills:
 * Level 3.7 Fighting
 + Level 4.4 Crossbows
 - Level 2.0 Dodging
 + Level 2.8 Stealth


You had 3 spell levels left.
You didn't know any spells.
Your spell library was empty.

Dungeon Overview and Level Annotations

Branches:
Dungeon (3/15)

Altars:
Ashenzari
Yredelemnul


Innate Abilities, Weirdness & Mutations

You cannot be hasted, slowed, berserked, paralysed or teleported.
You can dig through walls and to a lower floor.
You have a pair of large antennae on your head. (SInv)
Your four strong arms can wield two-handed weapons with a shield.


Message History

You are too injured to fight recklessly!
You are too injured to fight recklessly!
It was a potion of berserk rage.
Your stasis prevents you from going berserk.
h - a potion of berserk rage;
f - a scroll labelled HINAEK INEONIA The sky beast closely misses you.
It was a potion of might.
You feel very mighty all of a sudden. The sky beast closely misses you.
You are too injured to fight recklessly!
Fire: 23 bolts
Press: ? - help, Q - select action, (/) - cycle Shift-Dir - straight line, f/p - sky beast
Aim: a sky beast (heavily wounded, 56% to hit)
You shoot a bolt. The bolt hits the sky beast!
The sky beast is severely wounded.
The sky beast closely misses you.
Fire: 22 bolts
Press: ? - help, Q - select action, (/) - cycle Shift-Dir - straight line, f/p - sky beast
Aim: a sky beast (severely wounded, 56% to hit)
You shoot a bolt. The bolt barely misses the sky beast.
The sky beast hits you.
* * * LOW HITPOINT WARNING * * *
The sky beast shocks you.
* * * LOW HITPOINT WARNING * * *
Fire: 21 bolts
Press: ? - help, Q - select action, (/) - cycle Shift-Dir - straight line, f/p - sky beast
Aim: a sky beast (severely wounded, 56% to hit)
You shoot a bolt.
The bolt hits the sky beast but does no damage.
The sky beast is severely wounded.
The sky beast hits you.
* * * LOW HITPOINT WARNING * * *
The sky beast shocks you.
You die...

.....# #.....#
....############## ##
....#≈≈♣.≈≈≈§.≈§≈♣♣≈#
....#§≈§P§♣§§kyy♣§≈P# .
....#.≈≈kF♣≈ytt♣y§≈.# .(
....#################...
........................
............_...........
##'#............@Y.....(
#.##################...
#..#.#..#.#..#sss.## ##
####......s...ss.#.#
#..s.........#..#
#################


You could see 2 alligators, 2 wolf spiders, a goliath frog, a swamp drake, 4
vampire mosquitoes, 3 redbacks, a sky beast and a scorpion.

Vanquished Creatures
  3 adders (D:2)
  A worm (D:2)
  2 dart slugs
  4 ball pythons (D:1)
  8 endoplasms
  2 giant cockroaches (D:1)
  4 goblins
  3 hobgoblins
  2 kobolds
  3 quokkas (D:2)
  4 bats
  3 frilled lizards
  6 rats
45 creatures vanquished.

Vanquished Creatures (others)
  3 plants (D:3)
3 creatures vanquished.

Grand Total: 48 creatures vanquished

Notes
Turn   | Place    | Note
-------+----------+-------------------------------------------
     0 | D:1      | buhh the Formicid Hunter began the quest for the Orb.
     0 | D:1      | Reached XP level 1. HP: 16/16 MP: 1/1
    70 | D:1      | Found a faded altar of an unknown god.
   251 | D:1      | Reached XP level 2. HP: 20/23 MP: 2/2
   732 | D:1      | Reached XP level 3. HP: 11/28 MP: 3/3
  1241 | D:2      | Found a basalt altar of Yredelemnul.
  1362 | D:2      | Reached XP level 4. HP: 35/35 MP: 4/4
  1890 | D:3      | Found a broken altar of Ashenzari.
  1894 | D:3      | Saw a vision of the Swamp and the Spider Nest.
  1894 | D:3      | Noticed a swamp drake
  1894 | D:3      | Noticed a vampire mosquito
  1894 | D:3      | Noticed a vampire mosquito
  1894 | D:3      | Noticed an alligator
  1894 | D:3      | Noticed a vampire mosquito
  1894 | D:3      | Noticed a vampire mosquito
  1894 | D:3      | Noticed a goliath frog
  1894 | D:3      | Noticed a wolf spider
  1894 | D:3      | Noticed a scorpion
  1894 | D:3      | Noticed a redback
  1894 | D:3      | Noticed a wolf spider
  1894 | D:3      | Noticed a redback
  1896 | D:3      | Noticed an alligator
  1896 | D:3      | Noticed a redback
  1903 | D:3      | Noticed a sky beast
  1922 | D:3      | HP: 1/37 [sky beast (3)]
  1922 | D:3      | Slain by a sky beast

Illustrated notes

Levels and vault maps discovered:
D:1:      psy_arrival_conway, layout_rooms,
          hellmonk_ecumenical_altar_crossroads, chequers_serial_rivers_small_b
D:2:      layout_basic, basic_altar
D:3:      layout_basic, grunt_ashenzari_visionary
          [grunt_ashenzari_visionary_swamp, grunt_ashenzari_visionary_spider]

Skill      XL: |  1  2  3 |
---------------+----------+-----
Dodging        | 2 |  2.0
Stealth        | 2 |  2.8
Fighting       | 3 |  3.7
Crossbows      | |  4.4

Action                   |  1- 3 |  4- 6 || total
-------------------------+-------+-------++-------
Melee: Short sword       |    66 |       ||    66
       Dagger            |     5 |    38 ||    43
 Fire: Hand crossbow     |    15 |    15 ||    30
  Use: Potion            |       |     2 ||     2
 Stab: Sleeping          |     1 |     1 ||     2
Armor: Leather armour    |    28 |    21 ||    49
Dodge: Dodged            |    40 |    32 ||    72
